 Dungeon Crawl Stone Soup version 0.22-a0-757-gdba82d8 (webtiles) character file.

79 Defined the Conjurer (level 4, 0/33 HPs)
             Began as a Draconian Conjurer on July 16, 2018.
             Slain by Sigmund
             ... wielding a +0 scythe
              (6 damage)
             ... on level 2 of the Dungeon.
             The game lasted 00:08:05 (2427 turns).

Defined the Conjurer (Draconian Conjurer)           Turns: 2427, Time: 00:08:06

Health: 0/33       AC:  5    Str: 12    XL:     4   Next: 17%
Magic:  5/8        EV: 12    Int: 16    God:
Gold:   67         SH:  0    Dex: 14    Spells: 4/9 levels left

rFire    . . .     SeeInvis .   d - +0 dagger
rCold    . . .     Gourm    .   (no shield)
rNeg     . . .     Faith    .   (armour unavailable)
rPois    .         Spirit   .   (helmet restricted)
rElec    .         Reflect  .   (no cloak)
rCorr    .         Harm     .   (no gloves)
MR       .....                  (no boots)
Stlth    +.........             (no amulet)
HPRegen  0.11/turn              (no ring)
MPRegen  0.11/turn              (no ring)

@: confused
A: unfitting armour, agile 1, blink, strong 1, cold-blooded, AC +5
a: Blink


You were on level 2 of the Dungeon.
You were not hungry.

You visited 1 branch of the dungeon, and saw 2 of its levels.

You collected 67 gold pieces.

Inventory:

Hand Weapons
 a - a +0 club
 d - a +0 dagger (weapon)
Jewellery
 c - an uncursed ring of stealth {unknown}
 f - a +3 ring of slaying {unknown}
Scrolls
 e - a scroll of fear {unknown}
 g - a scroll of fog {unknown}
Comestibles
 b - 2 rations
 i - 2 chunks of flesh


   Skills:
 + Level 0.0 Fighting
 - Level 1.8 Dodging
 - Level 1.7 Stealth
 * Level 3.2 Spellcasting
 + Level 4.9 Conjurations
 * Level 0.1 Hexes


You had 4 spell levels left.
You knew the following spells:

 Your Spells              Type           Power        Failure   Level  Hunger
a - Magic Dart            Conj           ###.         2%          1    None
b - Fulminant Prism       Conj/Hex       ##........   54%         4    ####...

Your spell library contained the following spells:

 Spells                   Type           Power        Failure   Level  Hunger
 Iskenderun's Mystic Bla  Conj           ###.....     24%         4    ####...
 Dazzling Spray           Conj/Hex       ##....       19%         3    ###....
 Force Lance              Conj/Tloc      ##......     54%         4    ####...
 Searing Ray              Conj           ###...       3%          2    ##.....


Dungeon Overview and Level Annotations

Branches:
Dungeon (2/15)

Altars:

Annotations:
D:2 Sigmund, Terence


Innate Abilities, Weirdness & Mutations

Your plain brown scales are hard. (AC +5)
You cannot fit into any form of body armour.
You are cold-blooded and may be slowed by cold attacks.
You are agile. (Dex +2)
You can translocate small distances at will.
Your muscles are strong. (Str +2)


Message History

Terence is moderately wounded.
Terence hits you with an enchanted hand axe!
Casting: Magic Dart (safe; 2% risk of failure)
Confirm with . or Enter, or press ? or * to list all spells.
Aiming: Magic Dart (safe; 2% risk of failure)
Press: ? - help, Shift-Dir - straight line, f/p - Terence
Aim: Terence, wielding an enchanted hand axe and wearing a shiny ring mail (moderately wounded)
The magic dart hits Terence.
Terence is heavily wounded.
You hear some strange, mumbled words.
You are confused.
It was a potion of mutation.
You feel extremely strange.
You feel stronger.
You feel agile.
You feel jittery. Terence hits you but does no damage.
A magic dart appears from out of thin air!
The magic dart hits you!
* * * LOW HITPOINT WARNING * * *
You're too confused!
Something hits you.
You die...

..##
#...#......##..###P..
#..#
##)########....###..P.
..(## ##..#
#....#####P..≈♣ ....#
#####..## #..##.# #..≈♣≈
....###.....## #.. #.#
###.♣.≈≈ ..).##..#####
#.# #.# #..P≈♣≈≈
...)##.## ##<#
##.###...♣≈≈≈ .......##
#.@# #..........≈♣
...#..J.##
#@####..#####P..P.
...#.....#### #.......#
##.... ...##.......#
#...###.## #..P.
#####.##..#.####.#.###..#
#♣..# ..
...###.#......#...##.#
#...# #####
#.#..#######..#.# #..##
###....### ##...# #.##
###....#...# ##..## ##.#
# #...##.###...#
#...###..#


You could see Terence.

Vanquished Creatures
  Robin (D:1)
  An ooze (D:1)
  3 dart slugs (D:1)
  4 bats
  A giant cockroach (D:2)
  13 goblins
  7 hobgoblins
  4 jackals (D:1)
  6 kobolds
  A quokka (D:2)
  4 frilled lizards (D:1)
  6 rats
51 creatures vanquished.

Notes
Turn   | Place    | Note
-------+----------+-------------------------------------------
     0 | D:1      | Defined the Draconian Conjurer began the quest for the Orb.
     0 | D:1      | Reached XP level 1. HP: 14/14 MP: 3/3
   667 | D:1      | Reached XP level 2. HP: 17/20 MP: 1/5
  1152 | D:1      | Reached XP level 3. HP: 26/26 MP: 3/6
  1598 | D:2      | Noticed Robin
  1892 | D:1      | Killed Robin
  2003 | D:2      | Reached XP level 4. HP: 33/33 MP: 2/8
  2042 | D:2      | Learned a level 4 spell: Fulminant Prism
  2287 | D:2      | Noticed Sigmund
  2398 | D:2      | Noticed Terence
  2426 | D:2      | Gained mutation: Your muscles are strong. (Str +2) [potion of mutation]
  2426 | D:2      | Gained mutation: You are agile. (Dex +2) [potion of mutation]
  2426 | D:2      | Gained mutation: You can translocate small distances at will. [potion of mutation]
  2427 | D:2      | Slain by Sigmund

Vault maps used:
D:1:      minmay_arrival_floating_metal
D:2:      serial_bayou, serial_bayou_pond_a, serial_bayou_shore_b,
          serial_bayou_lagoon_a, serial_bayou_shore_b, uniq_terence, uniq_robin,
          uniq_sigmund

Skill      XL: |  1  2  3 |
---------------+----------+-----
Spellcasting   | 3 |  3.2
Dodging        | |  1.8
Stealth        | |  1.7
Conjurations   | |  4.9
Hexes          | |  0.1

Action                   |  1- 3 |  4- 6 || total
-------------------------+-------+-------++-------
Melee: Club              |     9 |       ||     9
       Tailslap          |     4 |     8 ||    12
       Unarmed           |     1 |       ||     1
       Dagger            |    47 |    33 ||    80
 Cast: Magic Dart        |    65 |    24 ||    89
  Use: Potion            |       |     1 ||     1
  Eat: Chunk             |     4 |     1 ||     5
Armor: Skin              |    32 |    13 ||    45
Dodge: Dodged            |    57 |    18 ||    75

Table legend:
 A = Spawn XP
 B = Non-spawn XP
 C = Spawn XP percentage of total XP
 D = Spawn monster count
 E = Non-spawn monster count
 F = Spawn count percentage of total count
 G = Total turns spent on level
                    A         B        C        D         E        F      G
               +---------+---------+-------+---------+---------+-------+---------
         Total |       0 |     114 |   0.0 |       0 |      51 |   0.0 |  2427
               +---------+---------+-------+---------+---------+-------+---------
           D:1 |       0 |      81 |   0.0 |       0 |      32 |   0.0 |  1922
           D:2 |       0 |      33 |   0.0 |       0 |      19 |   0.0 |   505
               +---------+---------+-------+---------+---------+-------+---------
